 Dungeon Crawl Stone Soup version 0.29-a0-96-g93358da72b (webtiles) character file.

Game seed: 3532840678255952673

108 esteth the Magician (level 5, 0/35 HPs)
             Began as a Djinni Fire Elementalist on Feb 11, 2022.
             Slain by a centaur (4 damage)
             ... on level 3 of the Dungeon.
             The game lasted 00:05:38 (3102 turns).

esteth the Magician (Djinni Fire Elementalist)      Turns: 3102, Time: 00:05:39

Health: 0/35       AC:  3    Str:  7    XL:     5   Next: 12%
Gold:   140        EV: 12    Int: 18    God:
                   SH:  0    Dex: 14

rFire   + + +      SeeInvis .   d - +0 dagger
rCold   . . .      Faith    .   (no shield)
rNeg    . . .      Spirit   .   a - +0 robe
rPois   ∞          Reflect  .   h - +0 helmet
rElec   .          Harm     .   j - scarf {rC+ rF+}
rCorr   .          Rampage  .   (no gloves)
Will    .....                   (boots unavailable)
Stlth   ++........              (no amulet)
HPRegen 0.11/turn               Y - +4 ring of slaying
MPRegen 0.00/turn               (no ring)

@: mighty, flying
A: sickness immunity, fire resistance 2, cold vulnerability 1, float, innate
caster, HP casting, extra vitality 1
a: no special abilities


You were on level 3 of the Dungeon.
You visited 1 branch of the dungeon, and saw 3 of its levels.

You collected 140 gold pieces.


Innate Abilities, Weirdness & Mutations

You are immune to sickness and miasma.
You are immune to poison.
Your flesh is very heat resistant. (rF++)
You are vulnerable to cold. (rC-)
You float through the air rather than walking.
You learn spells naturally, not from books.
Your magical power is your life essence.
You have superior vitality. (+4 MHP)


   Skills:
 - Level 2.1 Dodging
 - Level 1.5 Stealth
 + Level 4.2 Spellcasting


You couldn't memorise any spells.
You knew the following spells:

 Your Spells              Type           Power      Damage    Failure   Level
a - Apportation           Tloc           38%        N/A       2%          1
c - Conjure Flame         Conj/Fire      19%        6-21      8%          3
f - Foxfire               Conj/Fire      76%        2x1d7     2%          1
i - Inner Flame           Hex/Fire       19%        N/A       8%          3
s - Searing Ray           Conj           38%        2d5       3%          2
X - Scorch                Fire           38%        2d7       3%          2
Y - Flame Wave            Conj/Fire      19%        2d6       26%         4
Your spell library was empty.

Inventory:

Hand Weapons
 d - a +0 dagger (weapon)
   (You took it off a goblin on level 1 of the Dungeon)
Missiles
 e - 89 stones
 f - 34 sling bullets
 i - 2 boomerangs
 k - 5 datura-tipped darts
 l - 17 bolts
Armour
 a - a +0 robe (worn)
 h - a +0 helmet (worn)
   (You took it off Robin on level 2 of the Dungeon)
 j - a scarf of resistance (worn)
   (You found it on level 2 of the Dungeon)
Jewellery
 Y - a +4 ring of slaying (left hand)
   (You took it off a hobgoblin on level 2 of the Dungeon)
Scrolls
 b - 3 scrolls of identify {@r1}
 g - a scroll of teleportation {@r4}
Potions
 c - 2 potions of ambrosia {unknown}

Dungeon Overview and Level Annotations

Branches:
Dungeon (3/15)

Altars:

#...#
#...S....).####......##
###.#
#####.##.#.....<.......
#.# #.##w..####......##
#.# #................#
#.# #........###.#.###
#####.#####
####.........#.#
#...<.....#
#...#)#####.#
#.#######.######<..#...#
... #.##..@c........ ...
#.##.###........ #..#.#
#........ #..#.#
#........ #..#.#
#....###. ######....#
#.##... ........### #.#
##.# #######.# #.. ...
#.# ### ..


You could see a centaur.


Message History

You conjure some foxfire!
* * * LOW HITPOINT WARNING * * *
😨 HP[-1]
You take 1 damage, and now have 13/31 hp.
The foxfire hits the gnoll.
You kill the gnoll!
You have reached level 5!
The power to cast Searing Ray wells up from within.
Spell assigned to 's'. 😨 HP[+2]
You now have 35 max hp (+4).
You regained 2 hp, and now have 15/35 hp. 😨 HP[+1]
You hear the slow rusting of a very distant drain.
You see here a +0 spear.
You start resting.
You hear the rusting of a very distant drain.
You hear the rusting of a very distant drain.
You hear the brisk rusting of a very distant drain. 😎 HP[+19]
Your hp is fully restored (35).
g - a scroll of teleportation {@r4}
Things that are here:
a +0 spear; a gnoll corpse You see here a +0 spear.
e - 89 stones (gained 24)
You now have 128 gold pieces (gained 11).
You see here a hobgoblin skeleton.
You see here a hobgoblin skeleton.
You hear the brisk rusting of a very distant drain.
Found a stone staircase leading up.
A hobgoblin comes into view.
Casting: Foxfire (safe; 2% risk of failure)
Confirm with . or Enter, or press ? or * to list all spells.
You conjure some foxfire! 😕 HP[-1]
You take 1 damage, and now have 34/35 hp.
The foxfire hits the hobgoblin.
The hobgoblin shouts!
The foxfire hits the hobgoblin.
You kill the hobgoblin!
You now have 140 gold pieces (gained 12).
You hear the brisk rusting of a very distant drain.
A centaur is nearby! 😎 HP[+1]
Your hp is fully restored (35).
Casting: Foxfire (safe; 2% risk of failure)
Confirm with . or Enter, or press ? or * to list all spells.
You conjure some foxfire!
The centaur shouts!
The centaur unwields a +0 mace.
The centaur wields a +0 shortbow.
The centaur shoots an arrow.
The arrow hits you! 😮 HP[-11]
You take 11 damage, and now have 24/35 hp.
MASSIVE DAMAGE!! (PAUSE)
The centaur shoots an arrow.
The arrow hits you. 😮 HP[-3]
You take 3 damage, and now have 21/35 hp.
Casting: Foxfire (safe; 2% risk of failure)
Confirm with . or Enter, or press ? or * to list all spells.
You conjure some foxfire!
The foxfire hits the centaur. 😮 HP[-1]
You take 1 damage, and now have 20/35 hp.
Casting: Foxfire (safe; 2% risk of failure)
Confirm with . or Enter, or press ? or * to list all spells.
You conjure some foxfire!
The foxfire hits the centaur. x2
The foxfire hits the centaur but does no damage.
Casting: Foxfire (safe; 2% risk of failure)
Confirm with . or Enter, or press ? or * to list all spells.
You conjure some foxfire! 😮 HP[-1]
You take 1 damage, and now have 19/35 hp.
Casting: Foxfire (safe; 2% risk of failure)
Confirm with . or Enter, or press ? or * to list all spells.
There is not enough space to conjure foxfire!
The foxfire hits the centaur.
The centaur shoots an arrow.
The arrow barely misses you.
The centaur shoots an arrow.
The arrow hits you!
* * * LOW HITPOINT WARNING * * *
😨 HP[-8]
You take 8 damage, and now have 11/35 hp.
MASSIVE DAMAGE!! (PAUSE)
Casting: Foxfire (safe; 2% risk of failure)
Confirm with . or Enter, or press ? or * to list all spells.
You conjure some foxfire!
* * * LOW HITPOINT WARNING * * *
The foxfire hits the centaur. 😨 HP[-1]
You take 1 damage, and now have 10/35 hp.
The centaur shoots an arrow.
The arrow hits you.
* * * LOW HITPOINT WARNING * * *
😱 HP[-6]
You take 6 damage, and now have 4/35 hp.
Okay, then.
The centaur unwields a +0 shortbow.
The centaur wields a +0 mace.
The centaur closely misses you.
The centaur kicks you but does no damage.
It was a potion of might.
You feel very mighty all of a sudden. The centaur hits you with a +0 mace.
You die...

Skill      XL: |  1  2  3  4 |
---------------+-------------+-----
Spellcasting   | 3 4 |  4.2
Dodging        | |  2.1
Stealth        | |  1.5

Action                   |  1- 3 |  4- 6 || total
-------------------------+-------+-------++-------
Melee: Unarmed           |     3 |       ||     3
       Punch             |     1 |       ||     1
       Dagger            |     1 |     6 ||     7
 Cast: Foxfire           |    60 |    46 ||   106
       Scorch            |     3 |       ||     3
  Use: Scroll            |       |     2 ||     2
       Potion            |       |     1 ||     1
Armor: Robe              |     4 |     4 ||     8
Dodge: Dodged            |     8 |    12 ||    20

Levels and vault maps discovered:
D:1:      psy_arrival_conway, layout_rooms, basic_ecumenical_altar
D:2:      layout_basic, minmay_misc_feat_enclosed, hangedman_feature_mirror,
          uniq_robin
D:3:      layout_loops_ring, gup_sewer_entry_bowl, dk_noncrumbling_2,
          minmay_circle_x

Notes
Turn   | Place    | Note
-------+----------+-------------------------------------------
     0 | D:1      | esteth the Djinni Fire Elementalist began the quest for the
                  | Orb.
     0 | D:1      | Reached XP level 1. HP: 15/15 MP: 0/0
     0 | D:1      | magus.rc [v1.11.3]
    88 | D:1      | Found a faded altar of an unknown god.
   203 | D:1      | Reached XP level 2. HP: 12/21 MP: 0/0
   576 | D:1      | Reached skill level 3 in Spellcasting
   842 | D:1      | Reached XP level 3. HP: 20/25 MP: 0/0
   842 | D:1      | Learned a level 1 spell: Apportation
  1246 | D:2      | Noticed Robin
  1258 | D:2      | Killed Robin
  1804 | D:2      | Reached XP level 4. HP: 29/31 MP: 0/0
  2760 | D:3      | Noticed a centaur
  2763 | D:3      | Reached skill level 4 in Spellcasting
  2830 | D:3      | Reached XP level 5. HP: 15/35 MP: 0/0
  2830 | D:3      | Learned a level 2 spell: Searing Ray
  3100 | D:3      | HP: 4/35 [centaur/arrow (6)]
  3102 | D:3      | Slain by a centaur

Vanquished Creatures
  Robin (D:2)
  An adder (D:3)
  3 gnolls (D:3)
  A dart slug (D:2)
  An orc (D:2)
  4 bats
  7 endoplasms
  A giant cockroach (D:2)
  12 goblins
  7 hobgoblins
  A quokka (D:1)
  2 ball pythons (D:1)
  4 frilled lizards (D:1)
  7 kobolds
  5 rats
57 creatures vanquished.

Vanquished Creatures (others)
  131 foxfires
131 creatures vanquished.

Grand Total: 188 creatures vanquished

Table legend:
 A = Non-vault XP
 B = Vault XP
 C = Vault XP percentage of total XP
 D = Non-vault monster count
 E = Vault monster count
 F = Vault count percentage of total count
                 A         B        C        D         E       F
            +---------+---------+-------+---------+---------+-------
      Total |     103 |      52 |  33.5 |      42 |      15 |  26.3
            +---------+---------+-------+---------+---------+-------
        D:1 |      35 |       0 |   0.0 |      25 |       0 |   0.0
        D:2 |      21 |      36 |  63.2 |      12 |      13 |  52.0
        D:3 |      47 |      16 |  25.4 |       5 |       2 |  28.6
            +---------+---------+-------+---------+---------+-------

Illustrated notes

Table legend:
 A = Kills in this place as a percentage of kills in entire the game.
 B = Kills by you in this place as a percentage of kills by you in the entire game.
 C = Kills by friends in this place as a percentage of kills by friends in the entire game.
 D = Other kills in this place as a percentage of other kills in the entire game.
 E = Experience gained in this place as a percentage of experience gained in the entire game.
 F = Experience gained in this place divided by the number of levels of this place that you have seen.
                   A       B       C       D       E      F
               +-------+-------+-------+-------+-------+----------------------
         Total | 100.0 | 100.0 |   N/A |   N/A | 100.0 |  51.7
       Dungeon | 100.0 | 100.0 |   N/A |   N/A | 100.0 |  51.7
               +-------+-------+-------+-------+-------+----------------------

Table legend: (Time is in decaauts)
 A = Elapsed time spent in this place.
 B = Non-inter-level travel time spent in this place.
 C = Inter-level travel time spent in this place.
 D = Time resting spent in this place.
 E = Time spent auto-exploring this place.
 F = Levels seen in this place.
 G = Mean time per level.
                   A        B        C        D        E       F      G
               +--------+--------+--------+--------+--------+-----+--------+
         Total |   3100 |   3037 |     63 |    483 |   2190 |   3 | 1033.3 |
       Dungeon |   3100 |   3037 |     63 |    483 |   2190 |   3 | 1033.3 |
               +--------+--------+--------+--------+--------+-----+--------+

Top non-repeatable levels by time:
     D:2: 1372 daAuts
     D:1: 1204 daAuts
     D:3: 523 daAuts
